 Dungeon Crawl Stone Soup version 0.32-a0-791-gfc315c9ecd (webtiles) character file.

Game seed: 1333066418876748227

74 cforsyth the Firebug (level 4, 0/40 HPs)
             Began as a Mountain Dwarf Cinder Acolyte on Mar 20, 2024.
             Was a High Priest of Ignis.
             Slain by an iguana (6 damage)
             ... on level 4 of the Dungeon.
             The game lasted 00:04:04 (3306 turns).

cforsyth the Firebug (MDCA)                         Turns: 3306, Time: 00:04:04

Health: 0/40       AC: 10    Str: 18    XL:     4   Next: 9%
Magic:  1/6        EV:  4    Int: 15    God:    Ignis [*****.]
Gold:   150        SH:  0    Dex:  5    Spells: 4/6 levels left

rFire   + . .        a - -1 hand axe (flame)
rCold   . . .        (no shield)
rNeg    . . .        o - +0 plate armour
rPois   .            (no helmet)
rElec   .            (no cloak)
rCorr   .            (no gloves)
SInv    .            (no boots)
Will    .....        (no amulet) Stlth
                     (no ring)
HPRegen 0.26/turn    (no ring)
MPRegen 0.10/turn

%: no passive effects
@: no status effects
A: runic magic, artefact enchanting
a: Renounce Religion, Fiery Armour, Foxfire Swarm, Rising Flame


You were on level 4 of the Dungeon.
You worshipped Ignis.
Ignis was extremely pleased with you.
You visited 1 branch of the dungeon, and saw 4 of its levels.

You collected 150 gold pieces.


Innate Abilities, Weirdness & Mutations

Your spellcasting is much less encumbered by armour.
You can use scrolls of enchantment on lesser artefacts.


   Skills:
 + Level 3.8 Fighting
 + Level 4.2 Axes
 + Level 1.6 Armour
 + Level 1.6 Spellcasting
 + Level 4.2 Fire Magic


You had 4 spell levels left.
You knew the following spells:

 Your Spells              Type           Power      Damage    Failure   Level
X - Scorch                Fire           28%        2d6       16%         2

Your spell library contained the following spells:

 Spells                   Type           Power      Damage    Failure   Level


Inventory:

Hand Weapons
 a - a -1 hand axe of flaming (weapon)
Armour
 b - a +0 robe
 i - the +0 robe of Lialurim {Regen+ Int+3}
   (You found it on level 2 of the Dungeon)

   Int+3:     It affects your intelligence (+3).
   Regen+:    It increases your rate of health regeneration.
 o - a +0 plate armour (worn)
Magical Staves
 h - a staff of earth {!a}
Wands
 g - a wand of charming (7)
Scrolls
 e - a scroll of vulnerability {unknown}
 f - 5 scrolls of identify {unknown}
 j - 3 scrolls of teleportation {unknown}
 l - 2 scrolls of fear {unknown}
Potions
 c - a potion of might {unknown}
 d - 2 potions of brilliance {unknown}
 k - a potion of degeneration {unknown}
 m - a potion of curing {unknown}
 n - a potion of mutation {unknown}

Dungeon Overview and Level Annotations

Branches:
Dungeon (4/15)
 Temple: D:4-7

Altars:
Sif Muna

#.........
#.........
#......#
#.......(.
#......#
#.........
#......#
#.........
#......#
#.........
#......#
#.........
#......#
###.s.......
#.....#
....########
#@l...#
....#
#.......#
....#
#.......#
....#
#.......#
....#
........#
....#
ß......[.#
....# ..
.........#
....# ..ß
.ß.###..)##
#######...


You could see an iguana.


Message History

The iguana is heavily wounded.
The iguana bites you.
You hit the iguana but do no damage.
The iguana is heavily wounded.
The iguana barely misses you.
You barely miss the iguana.
The iguana is heavily wounded.
You closely miss the hobgoblin.
The iguana is no longer more vulnerable to fire.
The iguana bites you.
* * * LOW HITPOINT WARNING * * *
The hobgoblin barely misses you.
Unknown command.
You are too injured to fight recklessly!
You hit the iguana. You burn the iguana.
The iguana is almost dead.
You hit the hobgoblin. You burn the hobgoblin.
You kill the hobgoblin!
The iguana bites you.
* * * LOW HITPOINT WARNING * * *
Your magical contamination has completely faded away.
You closely miss the iguana.
The iguana is severely wounded.
The iguana bites you!
* * * LOW HITPOINT WARNING * * *
You barely miss the iguana.
The iguana is severely wounded.
The iguana bites you.
You die...
Ignis goes out, and joins you in death.

Skill      XL: |  1  2  3 |
---------------+----------+-----
Armour         | 1 |  1.6
Fire Magic     | 4 |  4.2
Axes           | 4 |  4.2
Fighting       | |  3.8
Spellcasting   | |  1.6

Action                     |  1- 3 |  4- 6 || total
---------------------------+-------+-------++-------
  Melee: Hand axe          |   145 |    16 ||   161
   Cast: Scorch            |    18 |     9 ||    27
  Evoke: Wand              |       |     3 ||     3
 Armour: Robe              |   120 |     7 ||   127
         Plate armour      |       |     8 ||     8
  Dodge: Dodged            |    85 |    10 ||    95

Levels and vault maps discovered:
D:1:      onia_arrival_zoo_common, layout_rooms,
          shapermc_ecumenical_altar_flowoftime
D:2:      minmay_razor_zed, layout_basic, basic_altar
D:3:      layout_basic, mainiacjoe_overflow_cross_hatched, serial_forest,
          infiniplex_forest_end_2, infiniplex_forest_clump_tiny,
          infiniplex_forest_straight_2, infiniplex_forest_clump_long,
          infiniplex_forest_lined_1, infiniplex_forest_corner_1,
          infiniplex_forest_lined_corner, infiniplex_forest_clump_small,
          infiniplex_forest_straight_3, serial_park_tiny_pond
D:4:      layout_gridville, dk_yredelemnul_ordeal, mainiacjoe_overflow_paths,
          minmay_temple_entry_statues_fountains

Notes
Turn   | Place    | Note
-------+----------+-------------------------------------------
     0 | D:1      | cforsyth the Mountain Dwarf Cinder Acolyte began the quest
                  | for the Orb.
     0 | D:1      | Reached XP level 1. HP: 19/19 MP: 2/2
     6 | D:1      | Noticed a crocodile
     6 | D:1      | Noticed a hound
     6 | D:1      | Noticed a black bear
     7 | D:1      | Noticed a mana viper
     7 | D:1      | Noticed a wyvern
   163 | D:1      | Reached XP level 2. HP: 21/26 MP: 3/3
   408 | D:1      | Reached skill level 1 in Armour
   567 | D:1      | Reached skill level 4 in Fire Magic
   602 | D:1      | Found a faded altar of an unknown god.
   813 | D:2      | Found a shimmering blue altar of Sif Muna.
   817 | D:2      | Reached XP level 3. HP: 31/31 MP: 5/5
   884 | D:2      | Reached skill level 4 in Axes
  1000 | D:2      | Identified the +0 robe of Lialurim {Regen+ Int+3}
  1171 | D:2      | Learned a level 2 spell: Scorch
  1498 | D:2      | Identified the +1 mace "Tokapre Deob" {drain, rCorr}
  2201 | D:3      | Found a shimmering blue altar of Sif Muna.
  2594 | D:3      | Reached XP level 4. HP: 40/40 MP: 1/6
  3147 | D:4      | Noticed a scorpion
  3206 | D:4      | Noticed an ogre
  3306 | D:4      | Slain by an iguana

Vanquished Creatures
  2 ribbon worms
  2 dart slugs (D:1)
  5 ball pythons
  6 endoplasms
  5 giant cockroaches
  4 goblins
  9 hobgoblins
  4 jackals
  2 quokkas (D:2)
  6 bats
  3 frilled lizards (D:2)
  6 kobolds
  3 rats
57 creatures vanquished.

Table legend: (Time is in decaauts)
 A = Elapsed time spent in this place.
 B = Non-inter-level travel time spent in this place.
 C = Inter-level travel time spent in this place.
 D = Time resting spent in this place.
 E = Time spent auto-exploring this place.
 F = Levels seen in this place.
 G = Mean time per level.
                   A        B        C        D        E       F      G
               +--------+--------+--------+--------+--------+-----+--------+
         Total |   3321 |   3198 |    123 |      8 |   2715 |   4 |  830.2 |
       Dungeon |   3321 |   3198 |    123 |      8 |   2715 |   4 |  830.2 |
               +--------+--------+--------+--------+--------+-----+--------+

Top non-repeatable levels by time:
     D:2: 1435 daAuts
     D:3: 956 daAuts
     D:1: 750 daAuts
     D:4: 178 daAuts

Table legend:
 A = Non-vault XP
 B = Vault XP
 C = Vault XP percentage of total XP
 D = Non-vault monster count
 E = Vault monster count
 F = Vault count percentage of total count
                 A         B        C        D         E       F
            +---------+---------+-------+---------+---------+-------
      Total |      80 |      26 |  24.5 |      43 |      14 |  24.6
            +---------+---------+-------+---------+---------+-------
        D:1 |      39 |       0 |   0.0 |      20 |       0 |   0.0
        D:2 |      17 |      26 |  60.5 |      11 |      14 |  56.0
        D:3 |      18 |       0 |   0.0 |       8 |       0 |   0.0
        D:4 |       6 |       0 |   0.0 |       4 |       0 |   0.0
            +---------+---------+-------+---------+---------+-------
